 Dungeon Crawl Stone Soup version 0.17-a0-1571-g3ed2ab2 (console) character file.

124 FIQ the Skirmisher (level 5, -1/32 HPs)
             Began as a Vine Stalker Wanderer on July 24, 2015.
             Slain by a goblin
             ... wielding a +0 dagger
              (2 damage)
             ... on level 3 of the Dungeon.
             The game lasted 00:07:55 (1726 turns).

FIQ the Skirmisher (Vine Stalker Wanderer)          Turns: 1726, Time: 00:07:55

Health: -1/32      AC:  6    Str: 14    XL:     5   Next: 8%
Magic:  0/6        EV:  9    Int: 11    God:
Gold:   72         SH:  0    Dex: 16    Spells: 0 memorised, 4 levels left

rFire  . . .     SeeInvis .     k - +0 club
rCold  . . .     Clarity  .     h - +0 scale mail
rNeg   . . .     SustAt   .     (no shield)
rPois  .         Gourm    .     (no helmet)
rElec  .         Spirit   +     (no cloak)
rCorr  .         Warding  .     (no gloves)
rMut   .         Rnd*Tele +     (no boots)
MR     +....                    (no amulet)
Stlth  +.........               f - ring of protection from magic (curse)
                                e - ring of teleportation (curse)

@: somewhat resistant to hostile enchantments, very unstealthy
A: fangs 2, regeneration 1, magic shield, antimagic bite, no device heal 3, rot
immunity
a: Evoke Teleportation


You were on level 3 of the Dungeon.
You were hungry.

You visited 1 branch of the dungeon, and saw 3 of its levels.

You collected 72 gold pieces.

Inventory:

Hand weapons
 k - a +0 club (weapon)
Armour
 h - a +0 scale mail (worn)
Jewellery
 e - a cursed ring of teleportation (left hand)
 f - a cursed ring of protection from magic (right hand)
Scrolls
 c - 2 scrolls of recharging
 j - a scroll of identify
Potions
 a - 2 potions of curing
 b - a potion of lignification
 d - a potion of invisibility
Comestibles
 g - 2 bread rations
 l - a meat ration


   Skills:
 - Level 5.7 Fighting
 * Level 1.8 Maces & Flails
 - Level 1.0 Throwing
 + Level 2.3 Armour
 + Level 1.6 Dodging
 - Level 2.4 Stealth


You had 4 spell levels left.
You didn't know any spells.

Dungeon Overview and Level Annotations

Branches:
Dungeon (3/15)

Altars:
Elyvilon


Innate Abilities, Weirdness & Mutations

You have extremely sharp teeth.
Your natural rate of healing is unusually fast.
When hurt, damage is shared between your health and your magic reserves.
Your bite disrupts and absorbs the magic of your enemies.
Potions and wands cannot restore your health.
You are immune to rotting.


Message History

The kobold barely misses you.
A kobold comes into view. It is wielding a short sword.
The kobold shouts!
You hit the giant frog.
You kill the giant frog!
Your Maces & Flails skill increases to level 1!
You have reached level 5!
The hobgoblin hits you but does no damage.
The giant newt barely misses you. The goblin barely misses you.
The kobold barely misses you. The giant newt completely misses you.
The hobgoblin hits you but does no damage.
Found a stone staircase leading up.
Drink which item? (? for menu, Esc to quit)
You have no ailments to cure.
The quokka bites you.
* * * LOW HITPOINT WARNING * * *
You hit the quokka. You bite the quokka. You drain its power.
You feel invigorated.
You kill the quokka!
The goblin hits you with a dagger.
You die...

#?.........
#.........###
+......[.....
#............
#............
#............
#....<.......
####...K....<..
##..K.l.........
#..g.g...##.....
#..@.l.(.# .....
#.........<.....
#........### #..
#........# ##
##......##
########


You could see a giant gecko, a hobgoblin, a goblin, 2 kobolds and a giant newt.

Vanquished Creatures
  A giant frog (D:3)
  3 adders (D:2)
  6 hobgoblins
  5 kobolds
  2 quokkas
  6 bats (D:1)
  4 giant newts
  2 goblins (D:1)
  4 rats
33 creatures vanquished.

Notes
Turn   | Place    | Note
--------------------------------------------------------------
     0 | D:1      | FIQ the Vine Stalker Wanderer began the quest for the Orb.
     0 | D:1      | FIQ set off with: a +2 spear, a potion of lignification, 10 poisoned needles, a +0 blowgun, a +0 robe, a +0 dagger, a bread ration
     0 | D:1      | Reached XP level 1. HP: 14/14 MP: 2/2
   210 | D:1      | Reached XP level 2. HP: 18/18 MP: 3/3
   818 | D:2      | Reached XP level 3. HP: 19/23 MP: 2/4
   827 | D:2      | Reached skill level 1 in Dodging
  1447 | D:2      | Found a white marble altar of Elyvilon.
  1604 | D:2      | Reached XP level 4. HP: 6/28 MP: 5/5
  1709 | D:3      | Noticed a giant frog
  1721 | D:3      | HP: 1/28 [giant frog (1)]
  1722 | D:3      | Killed a giant frog
  1722 | D:3      | Reached skill level 1 in Maces & Flails
  1722 | D:3      | Reached XP level 5. HP: 1/32 MP: 0/6
  1726 | D:3      | Slain by a goblin

Vault maps used:
D:1:      dpeg_arrival_windows_large_door
D:2:      elyvilon_altar_3, first_bread, grunt_decor_one_mirror,
          grunt_ministairs_6, due_unseen_surprise
D:3:      lemuel_doored_altar, portal_sewer_entry_e, dk_noncrumbling_4,
          dk_vineyard_1

Action                   |  1- 3 |  4- 6 || total
-------------------------+-------+-------++-------
Melee: Spear             |    83 |       ||    83
       Club              |    49 |    11 ||    60
  Use: Scroll            |     7 |       ||     7
       Potion            |     1 |       ||     1
 Stab: Sleeping          |     1 |       ||     1
  Eat: Chunk             |     2 |       ||     2
